 Dungeon Crawl Stone Soup version 0.18.1-47-g9310371 (webtiles) character file.

150640 Peloso the Fencer (level 16, -2/151 HPs)
             Began as a Minotaur Fighter on June 17, 2016.
             Was the Champion of Okawaru.
             Killed from afar by a shock serpent (18 damage)
             ... with a bolt of electricity
             ... on level 3 of the Snake Pit.
             The game lasted 01:34:50 (30001 turns).

Peloso the Fencer (Minotaur Fighter)               Turns: 30001, Time: 01:34:51

Health: -2/151     AC: 26    Str: 28    XL:     16   Next: 99%
Magic:  17/17      EV: 11    Int:  5    God:    Okawaru [******]
Gold:   2358       SH: 16    Dex: 13    Spells: 0 memorised, 15 levels left

rFire  . . .     SeeInvis .     R - +4 double sword (elec)
rCold  . . .     Gourm    .     K - +1 plate armour
rNeg   . . .     Faith    +     c - +0 shield
rPois  +         Spirit   .     (helmet restricted)
rElec  .         Dismiss  .     P - +1 cloak {MR+}
rCorr  +         Reflect  .     y - +2 pair of gloves {Str+3}
SustAt .         Harm     .     V - +1 pair of boots {Stlth+}
MR     +++..                    r - amulet of faith
Stlth  ..........               w - ring of protection from magic
                                S - ring of resist corrosion

@: extremely resistant to hostile enchantments, extremely unstealthy
A: retaliatory headbutt, horns 2, poison resistance
a: Heroism, Finesse, Renounce Religion


You were on level 3 of the Snake Pit.
You worshipped Okawaru.
Okawaru was exalted by your worship.
You were not hungry.

You visited 5 branches of the dungeon, and saw 29 of its levels.
You also visited: Ice Cave and Volcano.

You collected 2358 gold pieces.

Inventory:

Hand Weapons
 o - a +2 scimitar of flaming
 q - a +7 long sword of electrocution
 L - a +1 demon blade of electrocution
 R - a +4 double sword of electrocution (weapon)
Armour
 c - a +0 shield (worn)
 y - a +2 pair of gloves of strength (worn)
 K - a +1 plate armour (worn)
 P - a +1 cloak of magic resistance (worn)
 V - a +1 pair of boots of stealth (worn)
Jewellery
 a - an uncursed ring of protection from cold
 h - an uncursed ring of protection from magic
 k - an uncursed ring of see invisible
 r - an amulet of faith (around neck)
 s - an uncursed ring of protection from cold
 w - a ring of protection from magic (right hand)
 A - an uncursed ring of fire
 D - the ring of Xom's Entertainment {-Tele +Fly rN+ Stlth-}
   (You found it on level 7 of the Lair of Beasts)

   [ring of loudness]

   It protects you from negative energy.
   It lets you fly.
   It prevents most forms of teleportation.
   It makes you less stealthy.
 F - an uncursed amulet of magic regeneration {unknown}
 M - an uncursed ring of protection from cold
 S - a ring of resist corrosion (left hand)
 X - an uncursed ring of fire
Wands
 l - a wand of hasting (4/9)
 m - a wand of heal wounds (0/9)
 W - a wand of digging (8/24)
Scrolls
 b - 2 scrolls of fog
 d - a scroll of magic mapping
 e - 7 scrolls of teleportation
 g - 6 scrolls of blinking
 p - 12 scrolls of remove curse
 B - 3 scrolls of recharging
 H - 4 scrolls of enchant armour
 N - 5 scrolls of fear
Potions
 i - 8 potions of agility
 t - 7 potions of curing
 u - 6 potions of flight
 v - 2 potions of brilliance
 z - 4 potions of berserk rage
 C - 2 potions of heal wounds
 E - 3 potions of might
 G - 3 potions of resistance
 Q - 4 potions of haste
Books
 J - a book of Unlife

   Spells                             Type                      Level
   a - Recall                         Summoning/Translocation      3
   b - Animate Dead                   Necromancy                   4
   c - Control Undead                 Necromancy                   4
   d - Cigotuvi's Embrace             Necromancy                   5
   e - Death Channel                  Necromancy                   6
   f - Simulacrum                     Ice/Necromancy               6
Comestibles
 f - 17 bread rations
 j - 18 meat rations
 n - 13 fruits
 x - 4 slices of pizza


   Skills:
 + Level 16.1 Fighting
 + Level 19.1 Long Blades
   Level 1.2 Maces & Flails
 + Level 15.0 Armour
 + Level 7.4 Dodging
 + Level 2.0 Stealth
 + Level 18.9 Shields
 + Level 3.0 Invocations


You had 15 spell levels left.
You didn't know any spells.

Dungeon Overview and Level Annotations

Branches:
Dungeon (15/15)            Temple (1/1) D:5            Lair (8/8) D:11
  Swamp (0/4) Lair:4        Snake (4/4) Lair:5        Slime (0/6) Lair:8
    Orc (0/2) D:9          Vaults (0/5) D:13         Depths (0/5) D:15
   Hell (1/1)
    Dis: Hell:1         Geh: Hell:1         Coc: Hell:1         Tar: Hell:1

Altars:
Ashenzari
Cheibriados
Dithmenos
Elyvilon
Fedhas
Gozag
Kikubaaqudgha
Makhleb
Nemelex Xobeh
Okawaru
Pakellas
Qazlal
Ru
Sif Muna
Trog
Vehumet
Xom
Yredelemnul
Zin
The Shining One

Shops:
Snake:2 (

Portals:
Hell: Lair:8

Annotations:
Hell Geryon


Innate Abilities, Weirdness & Mutations

You reflexively headbutt those who attack you in melee.
You have a pair of horns on your head.
Your system is resistant to poisons.


Message History

The shock serpent bites you.
* * * LOW HITPOINT WARNING * * *
The shock serpent shocks you!
* * * LOW HITPOINT WARNING * * *
You slice the shock serpent!!
The shock serpent is heavily wounded.
The shock serpent's electric aura discharges, shocking you!
The shock serpent bites you but does no damage.
Unknown command.
You completely miss the shock serpent.
The shock serpent is heavily wounded.
You block the shock serpent's attack.
Unknown command.
You hit the shock serpent. You headbutt the shock serpent!
The shock serpent is severely wounded.
The shock serpent's electric aura discharges, shocking you!
* * * LOW HITPOINT WARNING * * *
The shock serpent shoots out a bolt of lightning at you!
The bolt of electricity hits you!
You die...

###...........##########.........
.##...................##..#######
.##..)................##..#######
###..))#'####'##########..##.....
##....##.####.#########...'......
......##..##..............##.....
......##..##..............##.....
......##..##...S...†..##..##.....
......#######.##@.....##..##.....
..†....######'###.....##..##.....
...........##..##.>...##.<##.....
...........##..##.....##.))).....
...........##..##)....##.........
...........##..##.....##...##'###
|....####..#########'###..###.###
.....#####..########.###.###.....
........##.......##...##'###.....


You could see a shock serpent.

Vanquished Creatures
  Jorgrun (Snake:3)
  4 greater nagas
  Aizul (Snake:3)
  The ghost of Kloppie the Spear-Bearer, a journeyman HuGl of Makhleb (Lair:7)
  Nessos (Lair:8)
  4 vault guards (D:13)
  Snorg (Lair:4)
  Harold (Lair:4)
  10 naga warriors
  2 ice dragons (D:15)
  6 hydras
  4 centaur warriors
  7 anacondas
  5 ogre magi
  15 death yaks
  5 shock serpents
  5 naga sharpshooters
  Urug (Lair:4)
  Nergalle (D:12)
  A sun demon (Lair:8)
  2 salamander mystics (Snake:3)
  The ghost of Lul the Ducker, a novice DsGl of Ashenzari (D:7)
  5 naga ritualists
  9 hill giants
  A lindwurm (Lair:7)
  Pikel (D:4)
  A wizard (Lair:8)
  8 mana vipers
  2 deep elf magi
  A wolf spider zombie (D:14)
  17 oklob plants
  2 cyclopes
  7 ugly things
  2 manticores
  2 griffons
  9 salamanders
  7 elephants (Lair:8)
  8 naga magi
  2 guardian serpents
  2 ice statues (IceCv)
  A smoke demon (Lair:8)
  33 black mambas
  4 centaur skeletons
  A gargoyle (D:15)
  The ghost of Leafly the Shield-Bearer, a novice FoFi (D:4)
  3 torpor snails
  3 orange demons (Lair:8)
  11 spiny frogs
  7 komodo dragons
  3 rime drakes
  A kobold demonologist (D:15)
  2 efreet
  A hellwing (Lair:8)
  2 red devils (Lair:8)
  An ice devil (Lair:8)
  7 trolls
  A wolf spider simulacrum (D:15)
  A polar bear (Lair:6)
  Grinder (D:4)
  11 two-headed ogres
  22 blink frogs
  A merfolk (D:9)
  13 slime creatures
  A shadow (D:12)
  3 wraiths
  3 fire bats (Lair:3)
  Grum (D:8)
  3 wyverns
  2 steam dragons
  35 yaks
  2 hungry ghosts
  7 hippogriffs
  4 vampire mosquitoes
  Menkaure (D:4)
  3 mottled dragons
  34 nagas
  A soldier ant (D:14)
  17 water moccasins
  Duvessa (D:5)
  4 hell hounds (Lair:8)
  9 porcupines
  8 orc warriors
  A swamp drake (Lair:7)
  4 sky beasts
  4 black bears
  8 ice beasts
  A wasp (Lair:5)
  2 phantoms
  3 necrophages
  19 ogres
  11 centaurs
  15 crocodiles
  3 wolves (D:8)
  4 big kobolds
  19 giant frogs
  A gnoll sergeant (D:9)
  Dowan (D:5)
  A wyvern zombie (D:6)
  A scorpion (D:11)
  A water moccasin skeleton (D:7)
  10 wights
  2 electric eels
  A howler monkey (D:13)
  6 crimson imps
  3 centaur zombies
  7 human zombies (D:8)
  A quasit (D:11)
  Crazy Yiuf (D:5)
  10 hounds
  4 jellies
  2 giant frog skeletons (D:11)
  9 orc priests
  15 orc wizards
  8 iguanas
  11 worker ants
  35 sheep
  A hound zombie (D:5)
  2 mummies
  2 worker ant zombies
  14 adders
  62 river rats
  4 shadow imps
  4 oozes
  An adder skeleton (D:4)
  3 worms
  5 dart slugs
  8 giant geckos
  65 orcs
  2 ball pythons
  6 bats
  5 giant cockroaches
  6 goblins
  6 hobgoblins
  9 jackals
  A quokka (D:3)
  A ball python skeleton (D:5)
  A giant gecko skeleton (D:8)
  A giant gecko zombie (D:8)
  6 giant newts
  A jackal skeleton (D:6)
  26 kobolds
  2 quokka skeletons
  7 rats
  3 fungi (Lair:8)
  15 plants
928 creatures vanquished.

Vanquished Creatures (others)
  A deep elf knight (D:13)
  A naga mage (Snake:4)
  An orc (D:4)
  A jackal (D:4)
  2 fungi (Lair:1)
  4 plants
10 creatures vanquished.

Grand Total: 938 creatures vanquished

Notes
Turn   | Place    | Note
--------------------------------------------------------------
     0 | D:1      | Peloso the Minotaur Fighter began the quest for the Orb.
     0 | D:1      | Reached XP level 1. HP: 19/19 MP: 0/0
   214 | D:1      | Reached XP level 2. HP: 25/27 MP: 1/1
   630 | D:1      | Reached XP level 3. HP: 33/33 MP: 2/2
  1046 | D:2      | Reached XP level 4. HP: 36/41 MP: 3/3
  1139 | D:2      | Reached skill level 3 in Long Blades
  1550 | D:3      | Reached skill level 1 in Dodging
  1578 | D:3      | Found a blossoming altar of Fedhas.
  1616 | D:3      | Reached XP level 5. HP: 8/47 MP: 4/4
  1909 | D:3      | Found a glowing silver altar of Zin.
  1981 | D:3      | Found a faded altar to an unknown god.
  2188 | D:3      | Reached skill level 5 in Shields
  2391 | D:4      | Noticed Grinder
  2391 | D:4      | Paralysed by Grinder for 5 turns
  2403 | D:4      | Killed Grinder
  2403 | D:4      | Reached skill level 5 in Fighting
  2403 | D:4      | Reached skill level 4 in Long Blades
  2403 | D:4      | Reached skill level 5 in Armour
  2403 | D:4      | Reached XP level 6. HP: 45/56 MP: 5/5
  2529 | D:4      | Reached XP level 7. HP: 61/61 MP: 6/6
  2643 | D:4      | Noticed Leafly's ghost (novice FoFi)
  2646 | D:4      | Noticed Pikel
  2669 | D:4      | Killed Pikel
  2669 | D:4      | Reached skill level 5 in Long Blades
  2791 | D:4      | Noticed Menkaure
  2811 | D:5      | Entered Level 5 of the Dungeon
  2978 | D:5      | Found a staircase to the Ecumenical Temple.
  2986 | Temple   | Entered the Ecumenical Temple
  3016 | Temple   | Became a worshipper of Warmaster Okawaru
  3051 | D:5      | Reached XP level 8. HP: 68/70 MP: 7/7
  3309 | D:5      | Noticed Duvessa
  3311 | D:5      | Noticed Dowan
  3322 | D:5      | Killed Duvessa
  3322 | D:5      | Reached skill level 6 in Long Blades
  3344 | D:5      | Killed Dowan
  3661 | D:5      | Noticed Crazy Yiuf
  3665 | D:5      | Killed Crazy Yiuf
  3665 | D:5      | Reached * piety under Okawaru
  4097 | D:4      | Killed Leafly's ghost
  4097 | D:4      | Reached skill level 7 in Long Blades
  4097 | D:4      | Reached skill level 1 in Stealth
  4137 | D:4      | Killed Menkaure
  4339 | D:4      | Reached ** piety under Okawaru
  4877 | D:6      | Found a shattered altar of Ashenzari.
  4937 | D:6      | Reached XP level 9. HP: 78/78 MP: 8/8
  5523 | D:6      | Reached skill level 5 in Dodging
  5888 | D:7      | Noticed Lul's ghost (novice DsGl)
  5913 | D:7      | Killed Lul's ghost
  5913 | D:7      | Reached *** piety under Okawaru
  5913 | D:7      | Reached skill level 8 in Long Blades
  5913 | D:7      | Reached skill level 1 in Invocations
  5985 | D:7      | Found a stormy altar of Qazlal.
  6452 | D:7      | Found a basalt altar of Yredelemnul.
  6524 | D:7      | Found a snail-covered altar of Cheibriados.
  6700 | D:7      | Reached **** piety under Okawaru
  6700 | D:7      | Reached skill level 9 in Long Blades
  6733 | D:8      | Reached XP level 10. HP: 52/88 MP: 9/9
  6831 | D:8      | Noticed Grum
  6855 | D:8      | Killed Grum
  7254 | D:8      | Reached ***** piety under Okawaru
  7254 | D:8      | Reached skill level 10 in Shields
  7337 | D:8      | Found a basalt altar of Yredelemnul.
  8036 | D:9      | Found a basalt altar of Yredelemnul.
  8062 | D:9      | Found a bloodstained altar of Trog.
  8202 | D:9      | Reached skill level 10 in Long Blades
  8305 | D:9      | Found a burning altar of Makhleb.
  8429 | D:9      | Found a staircase to the Orcish Mines.
  8655 | D:10     | Entered Level 10 of the Dungeon
  8921 | D:10     | Noticed a hill giant
  8923 | D:10     | Noticed a hill giant
  8930 | D:10     | Killed a hill giant
  8930 | D:10     | Reached XP level 11. HP: 24/97 MP: 11/11
  8939 | D:10     | Killed a hill giant
  8955 | D:10     | Reached ****** piety under Okawaru
  9480 | D:10     | Received a gift from Okawaru
  9485 | D:10     | Got a pair of fine boots {god gift}
  9491 | D:10     | Identified the +0 pair of boots of Disguise {+Inv rElec} (Okawaru gifted it to you on level 10 of the Dungeon)
  9760 | D:11     | Found a staircase to the Lair.
  9780 | D:11     | Reached skill level 10 in Armour
 10126 | D:11     | Noticed a hill giant
 10141 | D:11     | Killed a hill giant
 10141 | D:11     | Reached skill level 11 in Long Blades
 10922 | D:12     | Noticed Nergalle
 10984 | D:12     | Killed Nergalle
 10984 | D:12     | Reached skill level 10 in Fighting
 11303 | D:12     | Gained mutation: Your system is resistant to poisons. [potion of beneficial mutation]
 11406 | D:12     | Noticed a red ugly thing
 11420 | D:12     | Killed a red ugly thing
 11591 | Lair:1   | Entered Level 1 of the Lair of Beasts
 11728 | Lair:1   | Noticed an oklob plant
 11728 | Lair:1   | Noticed an oklob plant
 12306 | Lair:1   | Reached XP level 12. HP: 106/106 MP: 12/12
 12606 | Lair:1   | Received a gift from Okawaru
 12709 | Lair:2   | Reached skill level 12 in Long Blades
 13545 | Lair:3   | Found a dark tunnel.
 13562 | Volcano  | Entered a volcano
 13610 | Volcano  | Noticed an ogre mage
 13626 | Volcano  | Killed an ogre mage
 13708 | Volcano  | Received a gift from Okawaru
 14601 | Lair:4   | Reached skill level 13 in Long Blades
 14660 | Lair:4   | Noticed Urug
 14667 | Lair:4   | Killed Urug
 14917 | Lair:4   | Found a staircase to the Swamp.
 14939 | Lair:4   | Noticed a death yak
 14939 | Lair:4   | Noticed a death yak
 14939 | Lair:4   | Noticed a death yak
 14940 | Lair:4   | Noticed a death yak
 14947 | Lair:4   | Noticed a death yak
 14951 | Lair:4   | Killed a death yak
 14951 | Lair:4   | Received a gift from Okawaru
 14959 | Lair:4   | Killed a death yak
 14971 | Lair:4   | Killed a death yak
 14971 | Lair:4   | Reached XP level 13. HP: 109/116 MP: 13/13
 15169 | Lair:4   | Noticed Harold
 15200 | Lair:4   | Killed Harold
 15239 | Lair:4   | Noticed Snorg
 15244 | Lair:4   | Killed Snorg
 15789 | Lair:5   | Reached skill level 14 in Long Blades
 15803 | Lair:5   | Received a gift from Okawaru
 15842 | Lair:5   | Found a staircase to the Snake Pit.
 16456 | Lair:6   | Reached skill level 15 in Shields
 16663 | Lair:6   | Received a gift from Okawaru
 17674 | Lair:7   | Reached skill level 15 in Long Blades
 17764 | Lair:7   | Got a faintly glowing jade ring
 17766 | Lair:7   | Identified the ring of Xom's Entertainment {-Tele +Fly rN+ Stlth-} (You found it on level 7 of the Lair of Beasts)
 17929 | Lair:7   | Reached XP level 14. HP: 127/127 MP: 14/14
 17949 | Lair:7   | Received a gift from Okawaru
 18018 | Lair:7   | Noticed Kloppie's ghost (journeyman HuGl)
 18033 | Lair:7   | Killed Kloppie's ghost
 18572 | Lair:8   | Entered Level 8 of the Lair of Beasts
 18573 | Lair:8   | Noticed Nessos
 18930 | Lair:8   | Killed Nessos
 18970 | Lair:8   | Found a glowing golden altar of the Shining One.
 19154 | Lair:8   | Received a gift from Okawaru
 19157 | Lair:8   | Got a jewelled long sword {god gift}
 19194 | Lair:8   | Found a staircase to the Slime Pits.
 19633 | Lair:8   | Received a gift from Okawaru
 19662 | Lair:8   | Received a gift from Okawaru
 19679 | Lair:8   | Found a burning altar of Makhleb.
 19707 | Lair:8   | Reached skill level 16 in Long Blades
 19759 | Lair:8   | Found a gateway to Hell.
 21079 | D:13     | Found a frozen archway.
 21082 | D:13     | Reached skill level 1 in Maces & Flails
 21082 | D:13     | Reached XP level 15. HP: 96/138 MP: 15/15
 21104 | IceCv    | Entered an ice cave
 21109 | IceCv    | Received a gift from Okawaru
 21598 | D:13     | Found a gate to the Vaults.
 22000 | D:13     | Found an oddly glowing altar of Pakellas.
 22247 | D:14     | Found an opulent altar of Gozag.
 22678 | D:15     | Entered Level 15 of the Dungeon
 22696 | D:15     | Reached skill level 17 in Long Blades
 23137 | D:15     | Received a gift from Okawaru
 23162 | D:15     | Identified the +1 long sword of Indomitability {vamp, Dex+3} (Okawaru gifted it to you on level 8 of the Lair of Beasts)
 23402 | D:15     | Received a gift from Okawaru
 23633 | D:15     | HP: 2/139 [ice dragon/blast of cold (49)]
 23642 | D:15     | Reached skill level 15 in Fighting
 24001 | D:15     | Found a staircase to the Depths.
 24583 | Hell     | Entered the Vestibule of Hell
 24583 | Hell     | Noticed Geryon
 24888 | Snake:1  | Entered Level 1 of the Snake Pit
 25118 | Snake:1  | Received a gift from Okawaru
 25519 | Snake:1  | Reached XP level 16. HP: 136/149 MP: 17/17
 25705 | Snake:1  | Found a deep blue altar of Sif Muna.
 25841 | Snake:1  | Received a gift from Okawaru
 26040 | Snake:2  | Reached skill level 18 in Long Blades
 26068 | Snake:2  | Found Nebiwnam's Antique Weapon Shop.
 26596 | Snake:2  | Received a gift from Okawaru
 26599 | Snake:2  | HP: 5/150 [naga sharpshooter/bolt (25)]
 27694 | Snake:2  | Received a gift from Okawaru
 27853 | Snake:3  | Noticed Jorgrun
 27855 | Snake:3  | Noticed Aizul
 27863 | Snake:3  | Killed Jorgrun
 27881 | Snake:3  | Killed Aizul
 28922 | Snake:3  | Received a gift from Okawaru
 28925 | Snake:3  | Got a pair of slimy gloves {god gift}
 28936 | Snake:3  | Identified the +1 pair of gloves "Qecio" {Str-5 Int+3 SInv} (Okawaru gifted it to you on level 3 of the Snake Pit)
 29577 | Snake:3  | Reached skill level 19 in Long Blades
 29824 | Snake:4  | Entered Level 4 of the Snake Pit
 29867 | Snake:4  | Reached skill level 15 in Armour
 29907 | Snake:4  | HP: 5/151 [shock serpent/bolt of electricity (21)]
 30001 | Snake:3  | Killed from afar by a shock serpent

Skill      XL: |  1  2  3  4  5  6  7  8  9 10 11 12 13 14 15 16 |
---------------+-------------------------------------------------+-----
Fighting       | 4 5 6 8 9 10 11 12 14 15 16 | 16.1
Shields        | 4 5 6 8 9 11 12 14 15 16 17 18 | 18.9
Armour         | 4 5 6 8 9 11 12 13 14 15 | 15.0
Long Blades    | 3 4 5 7 9 10 11 13 15 16 17 19 | 19.1
Dodging        | 1 2 3 4 5 6 7 |  7.4
Stealth        | 1 2 |  2.0
Invocations    | 1 2 3 |  3.0
Maces & Flails | 1 |  1.2

Action                   |  1- 3 |  4- 6 |  7- 9 | 10-12 | 13-15 | 16-18 || total
-------------------------+-------+-------+-------+-------+-------+-------++-------
Melee: Long sword        |    89 |   118 |   337 |       |       |       ||   544
       Headbutt          |    15 |    17 |    71 |   214 |   323 |   104 ||   744
       Falchion          |       |       |    27 |   729 |       |       ||   756
       Double sword      |       |       |       |   245 |  1232 |   420 ||  1897
       Whip              |       |       |       |       |    52 |       ||    52
Invok: Heroism           |       |       |     5 |    11 |    11 |     2 ||    29
Evoke: Wand              |       |       |       |       |       |     1 ||     1
  Use: Scroll            |       |     4 |    11 |    13 |     8 |     3 ||    39
       Potion            |       |     1 |       |     4 |     3 |     6 ||    14
  Eat: Chunk             |     1 |     4 |    15 |    28 |    32 |     5 ||    85
       Beef jerky        |       |       |       |     1 |     3 |     3 ||     7
       Fruit             |       |       |       |       |       |     6 ||     6
       Pizza             |       |       |       |       |       |     1 ||     1
Armor: Scale mail        |    30 |    18 |       |       |       |       ||    48
       Chain mail        |       |    40 |    89 |       |       |       ||   129
       Plate armour      |       |       |    51 |   311 |   641 |   155 ||  1158
Dodge: Dodged            |    30 |    36 |    93 |   197 |   464 |   115 ||   935
Block: Shield            |    45 |    67 |   175 |   573 |  1031 |   316 ||  2207
